 Dungeon Crawl Stone Soup version 0.26-a0-812-g31a745ddcd (webtiles) character file.

Game seed: 11374029792036585991

7642 Borgoz the Fighter (level 11, -1/95 HPs)
             Began as a Ghoul Gladiator on Dec 7, 2020.
             Was a Believer of Dithmenos.
             Slain by a komodo dragon (23 damage)
             ... on level 9 of the Dungeon.
             The game lasted 00:24:27 (13940 turns).

Borgoz the Fighter (Ghoul Gladiator)               Turns: 13940, Time: 00:24:28

Health: -1/95      AC:  9    Str: 15    XL:     11   Next: 18%
Magic:  15/15      EV: 17    Int:  4    God:    Dithmenos [**....]
Gold:   34         SH:  0    Dex: 19    Spells: 14/17 levels left

rFire    . . .     SeeInvis +   a - +2 great sword (elec)
rCold    + + .     Faith    .   (shield currently unavailable)
rNeg     + + +     Spirit   .   v - +3 leather armour of Dim Light {rC+}
rPois    ∞         Reflect  .   c - +0 helmet
rElec    +         Harm     .   i - scarf {+Inv}
rCorr    .         Rampage  .   o - +0 pair of gloves
MR       .....                  (no boots)
Stlth    ++++......             (no amulet)
HPRegen  0.00/turn              h - ring of Umme Jeutu {rElec Str-4 Dex+7 SInv}
MPRegen  0.14/turn              (no ring)

@: mighty, wreathed by umbra
A: rotting body, claws 1, cold resistance 1, negative energy resistance 3,
inhibited regeneration, torment resistance, unbreathing
a: Shadow Step, Renounce Religion, Evoke Invisibility


You were on level 9 of the Dungeon.
You worshipped Dithmenos.
Dithmenos was pleased with you.
You visited 2 branches of the dungeon, and saw 10 of its levels.
You also visited: Sewer.

You collected 587 gold pieces.
You spent 553 gold pieces at shops.

Inventory:

Hand Weapons
 a - a +2 great sword of electrocution (weapon)
 b - a +2 short sword of venom
Missiles
 x - a throwing net (quivered)
Armour
 c - a +0 helmet (worn)
 i - a scarf of invisibility (worn)
 o - a +0 pair of gloves (worn)
 v - the +3 leather armour of Dim Light (worn) {rC+}
   (You found it on level 8 of the Dungeon)

   It protects you from cold.
Jewellery
 h - the ring of Umme Jeutu (left hand) {rElec Str-4 Dex+7 SInv}
   (You bought it in a shop on level 6 of the Dungeon)

   [ring of see invisible]

   It affects your strength (-4).
   It affects your dexterity (+7).
   It insulates you from electricity.
   It lets you see invisible.
 t - an uncursed ring of fire
Wands
 g - a wand of polymorph (8)
 k - a wand of flame (17)
 l - a wand of random effects (39)
 n - a wand of iceblast (4)
 s - a wand of enslavement (13)
 u - a wand of disintegration (12)
Scrolls
 d - a scroll of fog
 j - a scroll of amnesia
 m - 2 scrolls of magic mapping
 p - a scroll of brand weapon
 r - 2 scrolls of teleportation
Potions
 e - a potion of magic
 f - 3 potions of brilliance


   Skills:
 * Level 8.5 Fighting
 * Level 7.5 Long Blades
 - Level 1.7 Throwing
 + Level 4.7 Armour
 * Level 7.3 Dodging
 - Level 5.0 Stealth
 + Level 3.9 Spellcasting
 + Level 4.0 Hexes
 + Level 4.0 Evocations


You had 14 spell levels left.
You knew the following spells:

 Your Spells              Type           Power        Failure   Level
a - Confusing Touch       Hex            #.......     26%         3

Your spell library contained the following spells:

 Spells                   Type           Power        Failure   Level
 Corona                   Hex            #......      9%          1
 Tukima's Dance           Hex            #.......     26%         3
 Ensorcelled Hibernation  Hex/Ice        #.....       30%         2
 Dazzling Flash           Conj/Hex       #.....       52%         3


Dungeon Overview and Level Annotations

Branches:
Dungeon (9/15)             Temple (1/1) D:6            Lair (0/6) D:8
  Sewer (visited)
    Orc: D:9-12

Altars:
Ashenzari
Cheibriados
Dithmenos
Elyvilon
Fedhas
Gozag
Hepliaklqana
Kikubaaqudgha
Makhleb
Nemelex Xobeh
Okawaru
Qazlal
Ru
Sif Muna
Trog
Uskayaw
Vehumet
Wu Jian
Xom
Yredelemnul
Zin
The Shining One

Shops:
D:6 *}   D:8 (


Innate Abilities, Weirdness & Mutations

Your body is rotting away.
You thrive by killing the living.
You are immune to poison.
You have sharp fingernails.
Your flesh is cold resistant. (rC+)
You are immune to negative energy. (rN+++)
You do not regenerate when monsters are visible.
You are immune to unholy pain and torment.
You can survive without breathing.


Message History

Dithmenos accepts your kill.
Your Hexes skill increases to level 4!
Your Evocations skill increases to level 4!
The komodo dragon bites you!
You feel very mighty all of a sudden. The komodo dragon bites you.
You slash the komodo dragon!
The komodo dragon is moderately wounded.
The komodo dragon completely misses you.
You slash the komodo dragon!
The komodo dragon is heavily wounded.
The komodo dragon bites you but does no damage.
You slash the komodo dragon!
The komodo dragon is almost dead.
The komodo dragon bites you. The komodo dragon bites you!
* * * LOW HITPOINT WARNING * * *
You completely miss the komodo dragon.
The komodo dragon is almost dead.
The komodo dragon bites you!!
You die...

#.......#.........>######
###.....#...#####..#.....
.##....#..##...#####....
..##...#..#....'.#)#....
...########'####..##....
.... #.......#...#....
(.... #.⌠..†⌠.##'######
$/...l##..⌠...(##.888#..
#?..BDl@(..⌠...#8†...'..
$?...y##..(.⌠..##.888#..
[.... #.⌠...⌠.##'####..
.... #.......#...#....
... ####+####..##.... ..
#.D..+.#.###.. .
##...##### #.. ### +..
#..


You could see an eight-headed hydra, 2 komodo dragons, a vampire mosquito and a
worker ant.

Vanquished Creatures
  A centaur warrior (D:9)
  Pikel (D:4)
  A komodo dragon (D:8)
  Prince Ribbit (D:8)
  Grinder (D:4)
  2 wyverns (D:8)
  5 yaks
  A steam dragon (D:8)
  The ghost of Dracia the Ducker, an amateur DsMo of Ru (D:4)
  Edmund (D:5)
  A black bear (D:8)
  4 ice beasts
  3 orc warriors
  6 sky beasts
  2 phantoms
  6 ogres
  An eye of draining (D:8)
  2 centaurs
  Blork the orc (D:4)
  4 big kobolds
  3 bullfrogs
  A gnoll sergeant (D:8)
  2 wyvern zombies
  4 scorpions
  5 howler monkeys
  4 orc priests
  4 hounds
  6 orc wizards
  Crazy Yiuf (D:5)
  A jelly (D:8)
  Jessica (D:2)
  An iguana (D:7)
  5 worker ants
  A hound zombie (D:9)
  A howler monkey zombie (D:9)
  3 worker ant zombies
  Robin (D:3)
  3 gnolls (D:8)
  13 adders
  5 river rats
  4 white imps
  2 worker ant simulacra (D:4)
  An ufetubus (D:5)
  5 oozes
  An adder zombie (D:6)
  An adder skeleton (D:5)
  5 worms
  4 dart slugs
  An adder simulacrum (D:4)
  6 leopard geckos
  34 orcs
  3 ball pythons (Sewer)
  5 giant cockroaches
  12 goblins
  11 hobgoblins
  12 jackals
  7 quokkas
  8 bats
  3 frilled lizards
  A giant cockroach zombie (D:5)
  18 kobolds
  2 leopard gecko simulacra (D:4)
  A leopard gecko skeleton (D:6)
  A quokka simulacrum (D:4)
  A quokka skeleton (D:4)
  11 rats
270 creatures vanquished.

Vanquished Creatures (others)
  A white imp (D:6)
  6 fungi (D:8)
  12 plants
19 creatures vanquished.

Grand Total: 289 creatures vanquished

Notes
Turn   | Place    | Note
-------+----------+-------------------------------------------
     0 | D:1      | Borgoz the Ghoul Gladiator began the quest for the Orb.
     0 | D:1      | Reached XP level 1. HP: 17/17 MP: 0/0
   198 | D:1      | Reached XP level 2. HP: 19/25 MP: 1/1
  1294 | D:2      | Reached XP level 3. HP: 28/30 MP: 2/2
  1793 | D:2      | Reached skill level 3 in Fighting
  1841 | D:2      | Noticed Jessica
  1845 | D:2      | Killed Jessica
  1845 | D:2      | Reached skill level 1 in Armour
  1845 | D:2      | Reached XP level 4. HP: 38/38 MP: 3/3
  2082 | D:2      | Found a bloodstained altar of Trog.
  2087 | D:2      | Learned a level 3 spell: Confusing Touch
  2223 | D:3      | Reached XP level 5. HP: 37/45 MP: 4/4
  2230 | D:3      | Found a glowing drain.
  2286 | D:3      | Found a basalt altar of Yredelemnul.
  2291 | D:3      | Noticed Robin
  2294 | Sewer    | Entered a sewer
  2378 | Sewer    | Noticed a big kobold
  2391 | Sewer    | Killed a big kobold
  2391 | Sewer    | Reached skill level 1 in Stealth
  2543 | Sewer    | Reached XP level 6. HP: 48/52 MP: 5/5
  2970 | Sewer    | Reached skill level 1 in Hexes
  3015 | Sewer    | Reached skill level 4 in Fighting
  3117 | Sewer    | Reached skill level 1 in Spellcasting
  3117 | Sewer    | Reached XP level 7. HP: 59/59 MP: 7/7
  3269 | D:3      | Killed Robin
  3933 | D:4      | Noticed Blork the orc
  4046 | D:4      | Noticed Dracia's ghost (amateur DsMo)
  4105 | D:4      | Killed Blork the orc
  4149 | D:4      | HP: 2/60 [orc (3)]
  4537 | D:4      | Reached XP level 8. HP: 56/67 MP: 9/9
  4667 | D:4      | Noticed Grinder
  4703 | D:4      | Paralysed by Grinder for 7 turns
  4711 | D:4      | Paralysed by Grinder for 4 turns
  4715 | D:4      | Killed Grinder
  4715 | D:4      | Reached skill level 5 in Fighting
  4715 | D:4      | Reached skill level 1 in Evocations
  4864 | D:4      | You fall into a shaft and drop 2 floors!
  4878 | D:6      | Found Osautyng's Assorted Antiques.
  4887 | D:6      | Found Wyinag's Gadget Shop.
  5166 | D:6      | Reached skill level 5 in Long Blades
  5168 | D:6      | Reached skill level 5 in Dodging
  5859 | D:5      | Entered Level 5 of the Dungeon
  5885 | D:5      | HP: 3/70 [something (6)]
  5897 | D:6      | Reached XP level 9. HP: 7/75 MP: 11/11
  6443 | D:5      | Noticed Edmund
  6467 | D:5      | Killed Edmund
  6467 | D:5      | Reached skill level 6 in Fighting
  6908 | D:4      | Found a runed translucent gate.
  6908 | D:4      | Found a runed translucent gate.
  6908 | D:4      | Found a runed translucent gate.
  7279 | D:4      | Noticed Pikel
  7291 | D:4      | Killed Pikel
  7470 | D:4      | Killed Dracia's ghost
  7852 | D:5      | Found a runed translucent door.
  7853 | D:5      | Noticed Crazy Yiuf
  8169 | D:5      | Killed Crazy Yiuf
  8249 | D:6      | Found Ivokurr's Assorted Antiques.
  8257 | D:6      | Bought a twitching amber ring for 165 gold pieces
  8257 | D:6      | Bought a scroll labelled VIQEETI ADGHOEX for 33 gold pieces
  8257 | D:6      | Bought a scroll labelled GYZXOI QEORRA for 33 gold pieces
  8257 | D:6      | Bought a scroll of identify for 66 gold pieces
  8257 | D:6      | Bought a scroll of identify for 66 gold pieces
  8260 | D:6      | Identified the ring of Umme Jeutu {rElec Str-4 Dex+7 SInv}
                  | (You bought it in a shop on level 6 of the Dungeon)
  8811 | D:6      | Found a staircase to the Ecumenical Temple.
  8832 | Temple   | Entered the Ecumenical Temple
  9379 | Temple   | Became a worshipper of Dithmenos the Shadowed
  9764 | D:7      | Reached XP level 10. HP: 70/84 MP: 13/13
  9851 | D:7      | Reached skill level 7 in Fighting
 10357 | D:7      | Found a radiant altar of Vehumet.
 10358 | D:7      | Found a broken altar of Ashenzari.
 10361 | D:7      | Found a snail-covered altar of Cheibriados.
 10654 | D:7      | Found a burning altar of Makhleb.
 11072 | D:8      | Found Roiril's Antique Weapon Shop.
 11084 | D:8      | Reached * piety under Dithmenos
 11412 | D:8      | Reached skill level 5 in Stealth
 11892 | D:8      | Noticed Prince Ribbit
 11898 | D:8      | Killed Prince Ribbit
 12049 | D:8      | Found a staircase to the Lair.
 12052 | D:8      | Got a jewelled leather armour
 12063 | D:8      | Identified the +3 leather armour of Dim Light {rC+} (You
                  | found it on level 8 of the Dungeon)
 12278 | D:8      | Reached skill level 8 in Fighting
 12761 | D:9      | HP: 1/88 [yak (11)]
 13206 | D:9      | Reached XP level 11. HP: 34/94 MP: 12/15
 13468 | D:9      | Found a glowing silver altar of Zin.
 13479 | D:9      | Found an opulent altar of Gozag.
 13621 | D:8      | Bought a glowing great sword for 190 gold pieces
 13883 | D:9      | Noticed a seven-headed hydra
 13896 | D:9      | Reached ** piety under Dithmenos
 13921 | D:9      | Noticed a centaur warrior
 13921 | D:9      | Noticed an eight-headed hydra
 13935 | D:9      | Killed a centaur warrior
 13940 | D:9      | Slain by a komodo dragon

Illustrated notes

Levels and vault maps discovered:
D:1:      psy_arrival_fountain, layout_basic, serial_corexii_hall,
          corexii_hall_statues_l, corexii_hall_statues_x,
          hangedman_decor_peaks_small, chequers_serial_rivers_large_b
D:2:      layout_loops_ring, bloody_trog, serial_bayou_ford_a, uniq_jessica
D:3:      layout_rooms, lemuel_round_altar, portal_sewer_entry_a,
          grunt_decor_clamped, kennysheep_minor_cross, uniq_robin
D:4:      layout_loops_ring, gammafunk_ghost_icy, uniq_grinder, uniq_pikel,
          uniq_blork_the_orc
D:5:      layout_basic, nrook_mini_vaults, uniq_edmund, uniq_crazy_yiuf_cottage
D:6:      minmay_razor_zed, layout_loops_ring, minmay_temple_entry_mini_moons,
          serial_shops, shop, nicolae_shop_overgrown_old_shop,
          nicolae_shop_temple_entry_statues_fountains, minmay_pentangle
D:7:      layout_rooms, minitemple, bloody_makhleb
D:8:      layout_loops_cross, grunt_lair_entry_orc_guard_hut, serial_shops,
          shop, small_chamber_with_monster, uniq_prince_ribbit1
D:9:      minmay_chambers_of_sevens, layout_gridville,
          nicolae_gozag_cash_rules_everything_around_me, basic_altar
Temple:   regret_index_temple_generic_petals

Skill      XL: |  1  2  3  4  5  6  7  8  9 10 11 |
---------------+----------------------------------+-----
Long Blades    | 3 4 5 6 7 |  7.5
Dodging        | 3 4 5 6 7 |  7.3
Fighting       | 3 4 5 6 8 |  8.5
Armour         | 1 2 3 4 |  4.7
Stealth        | 1 2 3 4 5 |  5.0
Hexes          | 1 2 3 4 |  4.0
Spellcasting   | 1 2 3 |  3.9
Evocations     | 1 2 3 4 |  4.0
Throwing       | |  1.7

Action                   |  1- 3 |  4- 6 |  7- 9 | 10-12 || total
-------------------------+-------+-------+-------+-------++-------
Melee: Long sword        |   108 |   238 |   500 |   149 ||   995
       Falchion          |       |       |       |   138 ||   138
       Great sword       |       |       |       |    40 ||    40
Throw: Throwing net      |       |       |     5 |     2 ||     7
 Abil: Evoke Invisibilit |       |       |       |     1 ||     1
Evoke: Wand              |       |       |     1 |     4 ||     5
  Use: Scroll            |       |     7 |    13 |     6 ||    26
       Potion            |       |       |    10 |     2 ||    12
 Stab: Distracted        |       |       |     1 |       ||     1
       Held in net/web   |       |       |     3 |     4 ||     7
       Sleeping          |       |       |     1 |     7 ||     8
       Invisible         |       |       |       |     2 ||     2
Armor: Leather armour    |     4 |       |       |    25 ||    29
       Scale mail        |    47 |       |    40 |    58 ||   145
       Ring mail         |       |    90 |   130 |       ||   220
       Skin              |       |       |     7 |     5 ||    12
Dodge: Dodged            |   105 |   152 |   422 |   267 ||   946
       Rpst.: Long sword |    38 |    40 |   131 |    33 ||   242
       Falchion          |       |       |       |    26 ||    26
       Great sword       |       |       |       |    15 ||    15

Table legend: (Time is in decaauts)
 A = Elapsed time spent in this place.
 B = Non-inter-level travel time spent in this place.
 C = Inter-level travel time spent in this place.
 D = Time resting spent in this place.
 E = Time spent auto-exploring this place.
 F = Levels seen in this place.
 G = Mean time per level.
                   A        B        C        D        E       F      G
               +--------+--------+--------+--------+--------+-----+--------+
         Total |  14246 |  13570 |    676 |   5067 |   6019 |  11 | 1295.1 |
       Dungeon |  12534 |  11950 |    584 |   4474 |   5338 |   9 | 1392.7 |
        Temple |    588 |    496 |     92 |    302 |    174 |   1 |  588.0 |
         Sewer |   1123 |   1123 |      0 |    290 |    507 |   1 | 1123.0 |
               +--------+--------+--------+--------+--------+-----+--------+

Top non-repeatable levels by time:
     D:6: 2325 daAuts
     D:8: 1963 daAuts
     D:4: 1717 daAuts
     D:1: 1291 daAuts
     D:9: 1240 daAuts
     D:5: 1138 daAuts
   Sewer: 1123 daAuts
     D:7: 1016 daAuts
     D:2: 968 daAuts
     D:3: 873 daAuts
  Temple: 588 daAuts
